 Dungeon Crawl Stone Soup version 0.21-a0-110-g8e1637b (webtiles) character file.

51 Gorice the Grave Robber (level 3, 0/24 HPs)
             Began as a Demonspawn Necromancer on July 7, 2017.
             Splashed by a jelly's acid (6 damage)
             ... on level 2 of the Dungeon.
             The game lasted 00:08:20 (1787 turns).

Gorice the Grave Robber (Demonspawn Necromancer)    Turns: 1787, Time: 00:08:20

Health: 0/24       AC:  2    Str:  8    XL:     3   Next: 58%
Magic:  6/7        EV: 12    Int: 17    God:
Gold:   81         SH:  0    Dex: 13    Spells: 2/7 levels left

rFire    . . .     SeeInvis .   (no weapon)
rCold    . . .     Gourm    .   (no shield)
rNeg     . . .     Faith    .   a - +0 robe
rPois    .         Spirit   .   (no helmet)
rElec    .         Reflect  .   (no cloak)
rCorr    .         Harm     .   (no gloves)
MR       .....                  (no boots)
Stlth    ++........             (no amulet)
HPRegen  0.08/turn              (no ring)
MPRegen  0.10/turn              (no ring)

@: no status effects
A: hooves 1
a: no special abilities


You were on level 2 of the Dungeon.
You were not hungry.

You visited 1 branch of the dungeon, and saw 2 of its levels.

You collected 81 gold pieces.

Inventory:

Hand Weapons
 g - a +0 mace
Missiles
 j - 7 bolts
 Z - 102 stones (quivered)
Armour
 a - a +0 robe (worn)
 d - a +0 ring mail
 h - a +0 plate armour
 l - a +0 chain mail
Potions
 k - a potion of heal wounds {unknown}
Books
 b - a book of Necromancy
Comestibles
 c - a bread ration {!e}


   Skills:
 - Level 1.7 Dodging
 - Level 1.7 Stealth
 + Level 2.7 Spellcasting
 * Level 5.3 Necromancy


You had 2 spell levels left.
You knew the following spells:

 Your Spells              Type           Power        Failure   Level  Hunger
a - Pain                  Necr           ###.         1%          1    #......
b - Animate Skeleton      Necr           N/A          1%          1    #......
d - Vampiric Draining     Necr           ###.......   6%          3    ###....


Dungeon Overview and Level Annotations

Branches:
Dungeon (2/15)

Altars:


Innate Abilities, Weirdness & Mutations

You have large cloven feet.


Message History

It is a scroll of recharging.
You aren't carrying any rechargeable items.
The ooze quivers.
The jelly quivers.
The ooze quivers.
The ooze hits you. The ooze hits you but does no damage.
You see here a rat skeleton.
Damage: 4 (max 4)
The ooze quivers.
You hit the fungus but do no damage.
The ooze quivers.
The jelly quivers.
The ooze closely misses you.
The jelly hits the fungus.
The fungus is splashed with acid.
The acid corrodes the fungus!
The ooze hits you but does no damage. The ooze barely misses you.
The ooze hits the fungus.
The ooze hits the fungus.
The ooze barely misses you.
Unknown command.
Unknown command.
You hit the ooze.
The ooze is lightly wounded.
The jelly hits the fungus but does no damage.
The ooze hits you.
The ooze hits the fungus.
The ooze closely misses you. The ooze hits you. x2
Damage: 5 (max 5)
You hit the ooze. You kick the ooze.
The ooze is severely wounded.
The ooze hits the fungus.
The jelly hits you but does no damage.
The jelly hits the fungus.
The fungus is splashed with acid.
The acid corrodes the fungus!
The ooze hits you but does no damage.
The ooze hits the fungus. x2; The ooze hits you. x2
* * * LOW HITPOINT WARNING * * *
The ooze closely misses you.
Damage: 5 (max 5)
Casting: Pain
Confirm with . or Enter, or press ? or * to list all spells.
Aiming: Pain
Press: ? - help, Shift-Dir - straight line, f - ooze
Aim: an ooze (severely wounded, chance to defeat MR: 80%)
The ooze writhes in agony!
You kill the ooze!
The ooze hits the fungus.
The jelly hits you but does no damage. The ooze closely misses you.
The ooze hits the fungus. x2
The ooze closely misses you. The ooze hits you.
* * * LOW HITPOINT WARNING * * *
Damage: 2 (max 5)
The ooze hits the fungus.
The ooze closely misses you.
The ooze hits the fungus.
The jelly closely misses you.
The ooze hits the fungus.
The ooze barely misses you. The jelly hits you.
* * * LOW HITPOINT WARNING * * *
You are splashed with acid!
The acid burns!
You die...

########
#......#
+.P.JP.#
#..JJ÷J#
#..P.JJ#
#...JJ@#
#.#
#÷.PPJJ#
#.#
#......#
#####
#P.P.P.#
.(. .
#.J.÷.[#
###
########
#.# #.# #
#.# .. .#
#.######.##


You could see 3 jellies and 8 oozes.

Vanquished Creatures
  2 oozes
  2 dart slugs (D:1)
  3 worms
  2 leopard geckos (D:1)
  A goblin (D:1)
  6 hobgoblins
  4 kobolds (D:1)
  5 bats (D:1)
  2 frilled lizards (D:1)
  2 rats
29 creatures vanquished.

Vanquished Creatures (others)
  8 toadstools (D:2)
8 creatures vanquished.

Grand Total: 37 creatures vanquished

Notes
Turn   | Place    | Note
-------+----------+-------------------------------------------
     0 | D:1      | Gorice the Demonspawn Necromancer began the quest for the Orb.
     0 | D:1      | Reached XP level 1. HP: 13/13 MP: 3/3
   317 | D:1      | Gained mutation: You have large cloven feet. [demonic ancestry]
   317 | D:1      | Reached XP level 2. HP: 14/19 MP: 0/5
   793 | D:1      | Reached skill level 5 in Necromancy
  1066 | D:1      | Reached XP level 3. HP: 21/24 MP: 2/6
  1250 | D:2      | Learned a level 1 spell: Animate Skeleton
  1254 | D:2      | Learned a level 3 spell: Vampiric Draining
  1787 | D:2      | HP: 6/24 [jelly (3)]
  1787 | D:2      | Splashed by a jelly's acid

Vault maps used:
D:1:      dpeg_arrival_brainrot
D:2:      cheibrodos_fertilizer, serial_co_window_serial, co_window_cross_1,
          co_window_paths_a, co_window_paths_b, co_window_paths_a,
          co_window_paths_a, co_window_of_opportunity_b, co_window_broadway_a,
          co_window_2corner, co_window_corner_ca, co_window_of_opportunity_b,
          co_window_4corner_a, co_window_4corner_b, glass_columns_a,
          kennysheep_generic_room_3

Skill      XL: |  1  2 |
---------------+-------+-----
Necromancy     | 5 |  5.3
Dodging        | |  1.7
Stealth        | |  1.7
Spellcasting   | |  2.7

Action                   || total
-------------------------++-------
Melee: Unarmed           ||     5
       Kick              ||     2
 Cast: Pain              ||    73
  Use: Scroll            ||     3
  Eat: Chunk             ||     3
Armor: Robe              ||     7
Dodge: Dodged            ||    27

Table legend:
 A = Turns spent in this place as a percentage of turns spent in the entire game.
 B = Non-inter-level travel turns spent in this place as a percentage of non-inter-level travel turns spent in the entire game.
 C = Inter-level travel turns spent in this place as a percentage of turns spent in this place.
 D = Turns resting spent in this place as a percentage of non-inter-level travel turns spent in this place.
 E = Turns spent auto-exploring this place as a percentage of non-inter-level travel turns spent in this place.
 F = Non-inter-level travel turns spent in this place divided by the number of levels of this place that you've seen.
                   A       B       C       D       E      F
               +-------+-------+-------+-------+-------+----------------------
         Total | 100.0 | 100.0 |   0.9 |   6.4 |   5.2 | 287.0
       Dungeon | 100.0 | 100.0 |   0.9 |   6.4 |   5.2 | 287.0
               +-------+-------+-------+-------+-------+----------------------

Vault maps used:
D:1:      dpeg_arrival_brainrot
D:2:      cheibrodos_fertilizer, serial_co_window_serial, co_window_cross_1,
          co_window_paths_a, co_window_paths_b, co_window_paths_a,
          co_window_paths_a, co_window_of_opportunity_b, co_window_broadway_a,
          co_window_2corner, co_window_corner_ca, co_window_of_opportunity_b,
          co_window_4corner_a, co_window_4corner_b, glass_columns_a,
          kennysheep_generic_room_3
